 Seeded DCSS version 0.30.1-9-gdf580d7c3d (webtiles) character file.

Game seed: 6351066067085065685 (custom seed)

439097 Esekla the Archmage (level 22, -61/132 HPs)
             Began as a Deep Elf Wanderer on Oct 2, 2023.
             Was the Champion of Vehumet.
             Killed from afar by an ancient lich (89 damage)
             ... with a crystal spear
             ... on level 5 of the Vaults on Oct 7, 2023.
             The game lasted 09:53:34 (49206 turns).

Esekla the Archmage (Deep Elf Wanderer)            Turns: 49206, Time: 09:53:35

Health: -61/132    AC: 34    Str:  8    XL:     22   Next: 99%
Magic:  54/60      EV: 21    Int: 38    God:    Vehumet [******]
Gold:   1824       SH:  6    Dex: 23    Spells: 1/75 levels left

rFire   + . .        d - staff of death
rCold   . . .        f - +0 buckler
rNeg    + + +        c - +1 ring mail "Uronn" {rF+ Regen+ Int+3}
rPois   +            Z - +2 helmet {Int+3}
rElec   +            I - +0 cloak of Awablyoh {rN+ Int+3 Dex+5 Slay+3}
rCorr   .            k - +2 pair of gloves {Dex+3}
SInv    .            U - +2 pair of boots {rampage}
Will    ++...        x - amulet of magic regeneration
Stlth   +++          Y - ring of Greed {rElec rPois rN+ AC+4 Str-2}
HPRegen 1.22/turn    T - ring of the Mage {Wiz Archmagi}
MPRegen 0.77/turn

%: rampage, wizardry (x1), archmagi
@: ice-armoured, wereblooded, studying Long Blades
A: iridescent scales 1, agile 1, high MP 1
}: 2/15 runes: barnacled, gossamer
a: Renounce Religion


You were on level 5 of the Vaults.
You worshipped Vehumet.
Vehumet was exalted by your worship.
You visited 8 branches of the dungeon, and saw 39 of its levels.
You visited 1 bazaar.
You also visited: Trove, Bailey and Desolation.

You collected 7515 gold pieces.
You spent 5691 gold pieces at shops.

Inventory:

Hand Weapons
 a - a +9 scimitar of flaming
 b - a +3 scimitar of protection
 e - a +2 demon blade of electrocution
 r - a +4 trident of venom
 s - the +8 arc blade {discharge, rElec}
   (You bought it in a shop on level 4 of the Dungeon)

   rElec:     It insulates you from electricity.
 w - the +1 falchion of Jefabeyc {holy, rElec rN+++ Int-4 SInv}
   (You took it off a deep elf demonologist on level 3 of the Elven Halls)

   Int:       It affects your intelligence (-4).
   rElec:     It insulates you from electricity.
   rN:        It renders you almost immune to negative energy.
   SInv:      It lets you see invisible.
Missiles
 u - 85 poisoned darts
 v - 9 silver javelins
 y - 26 boomerangs (quivered)
 L - 7 curare-tipped darts
Armour
 c - the +1 ring mail "Uronn" (worn) {rF+ Regen+ Int+3}
   (You found it on level 4 of the Shoals)

   Int:       It affects your intelligence (+3).
   rF:        It protects you from fire.
   Regen:     It increases your rate of health regeneration.
 f - a +0 buckler (worn)
 j - the +0 mask of the Dragon {Will+ Slay+3 SInv}
   (You bought it in a shop in a bazaar)

   Slay:      It affects your accuracy & damage with ranged weapons and melee
   (+3).
   SInv:      It lets you see invisible.
   Will:      It increases your willpower.
 k - a +2 pair of gloves of dexterity (worn)
 z - the +1 animal skin "Kougi" {rPois rF++ MP+9}
   (You found it on level 2 of the Shoals)

   rF:        It greatly protects you from fire.
   rPois:     It protects you from poison.
   MP:        It affects your magic capacity (+9).
 I - the +0 cloak of Awablyoh (worn) {rN+ Int+3 Dex+5 Slay+3}
   (You acquired it on level 4 of the Lair of Beasts)

   Int:       It affects your intelligence (+3).
   Dex:       It affects your dexterity (+5).
   Slay:      It affects your accuracy & damage with ranged weapons and melee
   (+3).
   rN:        It protects you from negative energy.
 U - a +2 pair of boots of rampaging (worn)
 Z - a +2 helmet of intelligence (worn)
Magical Staves
 d - a staff of death (weapon)
Jewellery
 m - the ring of Ryc Wug {rPois Int+3 Dex+6}
   (You took it off a deep elf zephyrmancer on level 3 of the Elven Halls)

   [ring of dexterity]

   Int:       It affects your intelligence (+3).
   Dex:       It affects your dexterity (+6).
   rPois:     It protects you from poison.
 x - an amulet of magic regeneration (around neck)
 P - the ring "Pileq" {Ice Str+4 Dex+3 Slay+2}
   (You took it off a merfolk aquamancer on level 4 of the Shoals)

   [ring of ice]

   It enhances your ice magic.
   Str:       It affects your strength (+4).
   Dex:       It affects your dexterity (+3).
   Slay:      It affects your accuracy & damage with ranged weapons and melee
   (+2).
   rF:        It makes you vulnerable to fire.
   rC:        It protects you from cold.
 T - the ring of the Mage (right hand) {Wiz Archmagi}
   (You bought it in a shop on level 2 of the Dungeon)

   [ring of wizardry]

   It improves your spell success rate.
   Archmagi:  It increases the power of your magical spells.
 W - the ring "Vahokod" {rElec rC+ Str+6}
   (You found it in a treasure trove)

   [ring of strength]

   Str:       It affects your strength (+6).
   rC:        It protects you from cold.
   rElec:     It insulates you from electricity.
 X - the ring of Reyl {Fly Slay+4}
   (You found it in a treasure trove)

   [ring of slaying]

   Slay:      It affects your accuracy & damage with ranged weapons and melee
   (+4).
   Fly:       It grants you flight.
 Y - the ring of Greed (left hand) {rElec rPois rN+ AC+4 Str-2}
   (You bought it in a shop on level 2 of the Dungeon)

   [ring of protection]

   AC:        It affects your AC (+4).
   Str:       It affects your strength (-2).
   rElec:     It insulates you from electricity.
   rPois:     It protects you from poison.
   rN:        It protects you from negative energy.
Wands
 l - a wand of quicksilver (35)
 o - a wand of roots (65)
 B - a wand of flame (76)
 F - a wand of mindburst (18)
 S - a wand of digging (16)
Scrolls
 h - 3 scrolls of silence
 p - 5 scrolls of blinking
 q - 6 scrolls of fog
 A - 6 scrolls of fear
 E - 5 scrolls of poison
 G - 11 scrolls of teleportation
 J - 4 scrolls of magic mapping
 R - 5 scrolls of enchant armour
Potions
 g - 4 potions of cancellation
 i - 12 potions of curing
 n - 10 potions of flight
 t - 7 potions of brilliance
 D - 3 potions of resistance
 H - 10 potions of haste
 K - a potion of invisibility
 M - 11 potions of attraction
 N - 2 potions of might
 O - 4 potions of ambrosia
 Q - 3 potions of magic
Miscellaneous
 V - a lightning rod (4/4)


   Skills:
 - Level 12.1 Fighting
 + Level 4.2(9.4) Short Blades
 * Level 11.9(12.2) Long Blades
 + Level 3.2 Throwing
 - Level 7.3 Armour
 * Level 17.2 Dodging
 + Level 6.4 Stealth
 - Level 4.6 Shields
 O Level 27 Spellcasting
 + Level 8.5 Conjurations
 + Level 15.6 Necromancy
 + Level 8.1 Translocations
 - Level 6.0 Transmutations
 * Level 12.2 Fire Magic
 + Level 9.0 Ice Magic
 * Level 14.5 Air Magic
 * Level 13.8 Earth Magic
 - Level 7.4 Poison Magic
 + Level 1.0 Invocations
 + Level 0.5 Evocations


You had one spell level left.
You knew the following spells:

 Your Spells              Type           Power      Damage    Failure   Level
a - Ozocubu's Armour      Ice            100%       N/A       1%          3
b - Blink                 Tloc           100%       N/A       1%          2
c - Mephitic Cloud        Conj/Pois/Air  100%       N/A       1%          3
d - Vampiric Draining     Necr           100%       2d13      0%          3
f - Fireball              Conj/Fire      57%        3d22      1%          5
i - Iskenderun's Mystic   Conj/Tloc      100%       2d19      1%          4
j - Conjure Ball Lightni  Conj/Air       59%        3x3d21    1%          6
k - Airstrike             Air            63%        2d(10-26) 1%          4
l - Lee's Rapid Deconstr  Erth           62%        3d29*     1%          5
m - Maxwell's Capacitive  Air            63%        ∞         3%          8
n - Ignite Poison         Fire/Tmut/Pois 100%       N/A       1%          3
p - Apportation           Tloc           100%       N/A       1%          1
r - Frozen Ramparts       Ice            100%       1d16      1%          3
t - Teleport Other        Tloc           100%       N/A       1%          3
u - Dispel Undead         Necr           100%       3d31      0%          4
v - Poisonous Vapours     Pois/Air       100%       N/A       0%          2
w - Wereblood             Tmut           98%        N/A       1%          2
x - Olgreb's Toxic Radia  Pois           100%       N/A       1%          4
y - Sticky Flame          Conj/Fire      100%       2d11      1%          4
z - Freezing Cloud        Conj/Ice/Air   57%        6-21      1%          5

Your spell library contained the following spells:

 Spells                   Type           Power      Damage    Failure   Level
 Fire Storm               Conj/Fire      57%        8d14      83%         9
 Polar Vortex             Ice            55%        N/A       93%         9
 Foxfire                  Conj/Fire      100%       2x1d9     0%          1
 Necrotise                Necr           100%       1d9       0%          1
 Sandblast                Erth           100%       2d20      0%          1
 Shock                    Conj/Air       100%       1d9       0%          1
 Beastly Appendage        Tmut           100%       N/A       1%          1
 Freeze                   Ice            100%       1d10      1%          1
 Magic Dart               Conj           100%       1d8       1%          1
 Sting                    Tmut/Pois      100%       1d8       1%          1
 Summon Small Mammal      Summ           100%       N/A       1%          1
 Cigotuvi's Dreadful Rot  Necr/Pois/Air  100%       N/A       0%          2
 Sublimation of Blood     Necr           100%       N/A       0%          2
 Swiftness                Air            100%       N/A       0%          3
 Animate Dead             Necr           100%       N/A       0%          4
 Call Imp                 Summ           100%       N/A       1%          2
 Lesser Beckoning         Tloc           100%       N/A       1%          2
 Passwall                 Tmut/Erth      94%        N/A       1%          2
 Searing Ray              Conj           100%       2d8       1%          2
 Gell's Gravitas          Tloc           100%       N/A       1%          3
 Hailstorm                Conj/Ice       100%       3d20      1%          3
 Inner Flame              Hex/Fire       98%        N/A       1%          3
 Portal Projectile        Hex/Tloc       100%       N/A       1%          3
 Spider Form              Tmut/Pois      100%       N/A       1%          3
 Stone Arrow              Conj/Erth      100%       3d13      1%          3
 Tukima's Dance           Hex            67%        N/A       1%          3
 Vhi's Electric Charge    Tloc/Air       100%       N/A       1%          3
 Volatile Blastmotes      Fire/Tloc      100%       2d18      1%          3
 Anguish                  Hex/Necr       64%        N/A       1%          4
 Animate Armour           Summ/Erth      100%       N/A       1%          4
 Ice Form                 Ice/Tmut       100%       N/A       1%          4
 Manifold Assault         Tloc           100%       N/A       1%          4
 Passage of Golubria      Tloc           100%       N/A       1%          4
 Summon Ice Beast         Ice/Summ       91%        N/A       1%          4
 Summon Lightning Spire   Summ/Air       100%       N/A       1%          4
 Agony                    Necr           100%       N/A       1%          5
 Arcjolt                  Conj/Air       59%        1d69      1%          5
 Silence                  Hex/Air        51%        N/A       1%          5
 Yara's Violent Unravell  Hex/Tmut       42%        3d17      1%          5
 Death Channel            Necr           77%        N/A       1%          6
 Plasma Beam              Fire/Air       62%        2x1d85    1%          6
 Starburst                Conj/Fire      57%        6d15      1%          6
 Summon Forest            Summ/Tloc      44%        N/A       3%          5
 Dispersal                Tloc           53%        N/A       3%          6
 Ozocubu's Refrigeration  Ice            55%        4d19      3%          7
 Cause Fear               Hex            33%        N/A       6%          4
 Infestation              Necr           77%        N/A       6%          8
 Ignition                 Fire           60%        3d16      7%          8
 Lehudib's Crystal Spear  Conj/Erth      58%        10d14     11%         8
 Summon Mana Viper        Hex/Summ       67%        N/A       16%         5
 Haunt                    Necr/Summ      64%        N/A       19%         7
 Spellforged Servitor     Conj/Summ      45%        N/A       21%         7
 Dragon Form              Tmut           49%        N/A       36%         7
 Summon Cactus Giant      Summ           33%        N/A       61%         6
 Chain Lightning          Conj/Air       59%        3d78      69%         9
 Disjunction              Tloc           53%        N/A       75%         8
 Enfeeble                 Hex            33%        N/A       98%         7
 Summon Hydra             Summ           33%        N/A       98%         7
 Dragon's Call            Summ           33%        N/A       100%        9


Dungeon Overview and Level Annotations

Branches:
Dungeon (13/15)            Temple (0/1) D:6            Lair (5/5) D:11
 Shoals (4/4) Lair:2       Spider (4/4) Lair:3        Slime (0/5) Lair:5
    Orc (2/2) D:10            Elf (3/3) Orc:2        Vaults (5/5) D:13
  Crypt (3/3) Vaults:2       Tomb (0/3) Crypt:3      Bailey (visited)
Desolation (visited)

Altars:
Dithmenos
Fedhas
Hepliaklqana
Nemelex Xobeh
Okawaru
Qazlal
Ru
Trog
Uskayaw
Vehumet
Zin
The Shining One
Jiyva

Shops:
D:2 =   D:4 (   D:11 *   Orc:2 **[:   Elf:2 ?:?   Shoals:2 (   Shoals:3 !
Vaults:1 [   Vaults:4 ?

Portals:
Pandemonium: Orc:2

Annotations:
D:5 ogre
Vaults:5 Boris
Crypt:2 3 runed translucent doors, Hynnuzim's ghost, veteran CeHu; Nexecaru's ghost, veteran MiGl; Ulecsuczon's ghost, veteran MiGl


Innate Abilities, Weirdness & Mutations

You are partially covered in iridescent scales. (AC +2)
You are agile. (Dex +4, Str/Int -1)
You have an increased reservoir of magic. (+10% MP)


Message History

The vault warden is engulfed in blazing flames.
Something touches you.
The vault warden is engulfed in blazing flames.
Something touches you but does no damage.
An ancient lich appears from thin air!
Reactivating autopickup.
The ancient lich touches you but does no damage.
The vault warden is engulfed in blazing flames.
The golden dragon changes into an acid blob!
The ancient lich casts a spell at you. The crystal spear hits you!!!!
* * * LOW HITPOINT WARNING * * *
The ancient lich points at you and mumbles some strange words.
The crystal spear hits you!
* * * LOW HITPOINT WARNING * * *
You turn to flesh and can move again.
Press: ? - help, v - describe, . - travel
Here: an ancient lich (moderately damaged, fast)
The floor, spattered with blood.
Unknown command.
Your +9 scimitar of flaming stops flaming.
d - a staff of death (weapon)
Casting: Sticky Flame (safe; 1% risk of failure)
Confirm with . or Enter, or press ? or * to list all spells.
Aiming: Dispel Undead (safe; 0% risk of failure)
Press: ? - help, Shift-Dir - straight line, f - ancient lich
Aim: an ancient lich (moderately damaged, fast, 100% to hit)
You feel a strong surge of power!
The ancient lich is dispelled!!!
The ancient lich barely misses you.
The ancient lich touches you but does no damage.
Casting: Dispel Undead (safe; 0% risk of failure)
Confirm with . or Enter, or press ? or * to list all spells.
Aiming: Dispel Undead (safe; 0% risk of failure)
Press: ? - help, Shift-Dir - straight line, f/p - ancient lich
Aim: an ancient lich (heavily damaged, fast, 100% to hit)
You feel a strong surge of power!
The ancient lich is dispelled!!
The ancient lich points at you and mumbles some strange words.
The crystal spear hits you!!!!
Ouch! That really hurt!
You die...

....).[.[o.....
...).<<[[......
...[<).<[......
....[<<[[......
####
##p[)[[[....###
##|.##
#pD..[...[.####
#....#
##J##......)o##..
##)...# ##L#
#....###D.{.{
##)#.)## ######@##
#....# #.....
##.####.###...#.##
#....##...... #)##
##.#....)##
#...... )##
##......# #......
## ##.....#
#....## .#
##...#.# #.... ..#
##.###.# #....
.#.# .## #(. #....
###.# .# ...


You could see an ancient lich (fast), an acid blob shaped shifter, a quicksilver
dragon, a vault warden and a vault sentinel (catching breath).

Vanquished Creatures
  2 dread liches
  Mara (Spider:3)
  An ancient lich (Crypt:3)
  Mennas (Vaults:3)
  A curse toe (Crypt:3)
  Saint Roka (Vaults:5)
  A golden dragon (Vaults:4)
  A bone dragon (Crypt:3)
  2 tentacled monstrosities (Vaults:5)
  Rupert (Lair:4)
  A quicksilver dragon (Vaults:4)
  2 liches (Crypt:3)
  3 titans (Vaults:5)
  5 sphinxes
  6 ancient champions
  2 krakens
  3 deep elf blademasters
  2 deep elf master archers (Elf:3)
  A storm dragon (Vaults:5)
  2 tengu reavers (Vaults:5)
  Ilsuiw (Shoals:2)
  4 shadow dragons (Vaults:4)
  3 iron dragons (Vaults:4)
  8 emperor scorpions
  2 imperial myrmidons (Desolation)
  4 frost giants
  2 ghouls
  3 curse skulls
  7 deep elf sorcerers
  4 ghost moths
  14 vault wardens
  A broodmother (shapeshifter) (Vaults:5)
  3 orc warlords
  A deep elf elementalist (Elf:3)
  13 ironbound thunderhulks
  10 ironbound preservers
  A stone giant (Vaults:5)
  18 very ugly things
  2 reapers
  5 war gargoyles
  A broodmother (Spider:3)
  7 vampire knights
  5 deep elf demonologists
  Azrael (Orc:2)
  7 dire elephants
  10 deep elf annihilators
  A minotaur (Shoals:4)
  4 halazid warlocks (Desolation)
  2 spark wasps
  5 eidola
  5 entropy weavers
  3 merfolk javelineers (Shoals:3)
  6 deep elf death magi
  4 merfolk impalers
  4 fire dragons
  2 crystal guardians
  6 ettins
  7 great orbs of eyes
  11 yaktaur captains
  9 ragged hierophants (Desolation)
  3 jiangshi (Crypt:3)
  4 servants of whispers (Desolation)
  6 deep elf high priests
  35 vault guards
  Harold (D:9)
  4 boulder beetles
  12 peacekeepers
  15 ironbound frosthearts
  4 merfolk aquamancers
  3 hydras
  An ogre mage (Vaults:5)
  2 death knights (Crypt:1)
  3 radroaches
  16 satyrs
  4 centaur warriors
  A catoblepas (Lair:5)
  3 jorogumos
  An alligator snapping turtle (Shoals:3)
  32 dancing weapons
  4 merfolk avatars
  4 two-headed ogres
  A deep troll earth mage (Vaults:5)
  4 vampire magi
  A titan zombie (Crypt:2)
  A soul eater (Crypt:1)
  15 deep elf knights
  2 orc high priests (Orc:2)
  2 pharaoh ants
  A shadow wraith (Crypt:2)
  A fire crab (shapeshifter) (Elf:1)
  15 skeletal warriors
  A sun moth (Spider:1)
  26 deep trolls
  Lodul (D:11)
  2 flayed ghosts
  12 sea snakes
  4 skysharks
  10 orb spiders
  12 deep elf archers
  2 glowing orange brains
  2 golden dragon skeletons
  3 bog bodies
  Pikel (D:7)
  A swamp dragon (Lair:5)
  An anaconda skeleton (Crypt:2)
  21 ironbound convokers
  23 deep elf pyromancers
  8 phantasmal warriors
  3 steelbarb worms
  6 lindwurms
  A bunyip skeleton (Crypt:2)
  29 harpies
  A tengu zombie (Vaults:4)
  An oklob plant (Lair:5)
  8 wizards
  A wolf spider zombie (Crypt:1)
  9 necromancers
  25 deep elf zephyrmancers
  27 ugly things
  8 wolf spiders
  A tengu skeleton (Vaults:4)
  11 orc knights
  9 cyclopes
  11 orc sorcerers
  9 elephants (Lair:5)
  3 moths of wrath
  Joseph (D:7)
  A stone giant zombie (Vaults:4)
  24 manticores
  24 fauns
  An eleionoma skeleton (Crypt:2)
  6 merfolk sirens
  2 black mambas
  2 human skeletons (Vaults:4)
  7 water nymphs
  7 torpor snails
  7 guardian serpents (Desolation)
  A smoke demon (Orc:2)
  27 vault sentinels
  2 gargoyles
  3 demonic crawlers
  11 cane toads
  2 molten gargoyles (Desolation)
  A centaur skeleton (Crypt:2)
  A red draconian zombie (Crypt:3)
  Psyche (D:11)
  A grey draconian zombie (Crypt:3)
  3 rime drakes
  8 freezing wraiths
  4 human zombies (Vaults:4)
  16 komodo dragons
  3 kobold demonologists
  A catoblepas zombie (Crypt:2)
  39 yaktaurs
  A tengu conjurer (D:13)
  An alligator snapping turtle skeleton (Crypt:2)
  A red devil (Orc:2)
  4 guardian mummies (Crypt:3)
  A harpy zombie (Crypt:1)
  A white draconian skeleton (Crypt:3)
  28 merfolk
  A polar bear (D:11)
  8 trolls
  A death drake zombie (Crypt:2)
  3 tyrant leeches (Lair:5)
  9 tarantellas
  12 hornets
  A tyrant leech (shapeshifter) (Vaults:5)
  3 wind drakes
  46 saltlings
  2 harpy skeletons (Crypt:1)
  5 blink frogs (Lair:1)
  25 slime creatures
  11 jumping spiders
  4 centaur simulacra (D:11)
  8 snapping turtles
  12 spriggans (Lair:3)
  6 flying skulls
  3 air elementals
  2 vampires
  7 culicivoras
  8 wraiths
  5 basilisks
  10 water elementals
  33 yaks
  A chaos spawn (Orc:2)
  4 fire elementals
  3 steam dragons
  5 wyverns
  A golden eye (shapeshifter) (D:13)
  A vampire mosquito (D:13)
  29 redbacks
  A wind drake skeleton (Crypt:3)
  Menkaure (D:7)
  3 wargs
  3 acid dragons
  A water moccasin (shapeshifter) (Vaults:4)
  An entropy weaver zombie (Crypt:3)
  6 ice beasts
  4 hell hounds (Orc:2)
  14 water moccasins
  A naga skeleton (Crypt:3)
  2 swamp drakes (Lair:5)
  A sky beast (D:6)
  46 orc warriors
  2 black bears
  A merfolk simulacrum (Crypt:1)
  17 ogres
  An elephant zombie (Crypt:1)
  2 centaurs
  12 wolves
  3 boggarts (Lair:3)
  A lindwurm skeleton (Crypt:3)
  A phantom (D:7)
  A lemure (D:6)
  Blork the orc (D:6)
  6 kobold brigands
  A draconian zombie (Crypt:2)
  3 necrophages (Crypt:1)
  4 gnoll sergeants
  7 earth elementals
  10 bullfrogs
  3 scorpions
  A wyvern skeleton (Crypt:3)
  10 wights
  A yak zombie (Crypt:2)
  21 killer bees
  A polar bear skeleton (Crypt:2)
  2 howler monkeys (D:10)
  An electric eel (D:11)
  2 quasits (D:8)
  3 gnoll boudas
  6 hounds
  A jelly (D:6)
  Crazy Yiuf (D:7)
  34 orc priests
  A sleepcap (D:5)
  7 iguanas
  12 hell rats
  15 orc wizards
  An acid dragon zombie (Crypt:1)
  2 ogre skeletons
  34 gnolls
  9 adders
  3 shadow imps (D:8)
  9 white imps
  4 ufetubi
  An iguana skeleton (Crypt:1)
  A worm (D:5)
  3 dart slugs
  96 orcs
  2 bat zombies
  4 endoplasms
  9 goblins
  7 hobgoblins
  A quokka (D:2)
  3 training dummies (Shoals:2)
  6 ball pythons
  4 bats
  4 frilled lizards
  A jackal zombie (Crypt:3)
  24 kobolds
  A rat (D:2)
  4 tentacles
1763 creatures vanquished.

Vanquished Creatures (others)
  A demonspawn (Orc:2)
  An orc high priest (Orc:2)
  A bog body (Crypt:3)
  An unseen horror (D:13)
  A saltling (Desolation)
  3 ball lightnings (Vaults:5)
  8 tentacles
16 creatures vanquished.

Grand Total: 1779 creatures vanquished

Notes
Turn   | Place    | Note
-------+----------+-------------------------------------------
     0 | D:1      | Esekla the Deep Elf Wanderer began the quest for the Orb.
     0 | D:1      | Esekla set off with the following items: a +0 club, a
                  | potion of lignification, a +0 robe, a +0 buckler; and the
                  | following spells available to memorise: Apportation, Blink,
                  | Lesser Beckoning, Magic Dart, Ignite Poison, Vampiric
                  | Draining.
     0 | D:1      | Reached XP level 1. HP: 10/10 MP: 7/7
     2 | D:1      | Learned a level 1 spell: Magic Dart
     4 | D:1      | Learned a level 1 spell: Apportation
   420 | D:4      | Found a radiant altar of Vehumet.
   432 | D:4      | Found an iron altar of Okawaru.
   443 | D:4      | Found a glowing silver altar of Zin.
   523 | D:4      | Became a worshipper of Vehumet
   674 | D:3      | Reached skill level 5 in Spellcasting
   701 | D:3      | Reached XP level 2. HP: 15/15 MP: 7/10
   704 | D:3      | Learned a level 2 spell: Blink
   850 | D:3      | Identified the +5 rapier of the Hero {heavy, rN+ Dex+3}
   874 | D:2      | Found Renulab's Jewellery Shop.
  1087 | D:1      | Reached skill level 1 in Necromancy
  1089 | D:1      | Reached XP level 3. HP: 18/19 MP: 12/12
  1163 | D:1      | Reached * piety under Vehumet
  1163 | D:1      | Offered knowledge of Foxfire by Vehumet.
  1388 | D:1      | Learned a level 3 spell: Teleport Other
  1392 | D:1      | Learned a level 3 spell: Vampiric Draining
  1514 | D:2      | Reached skill level 6 in Spellcasting
  1514 | D:2      | Reached XP level 4. HP: 23/24 MP: 10/14
  1593 | D:2      | Found a faded altar of an unknown god.
  1622 | D:2      | Reached skill level 1 in Dodging
  1645 | D:2      | Noticed a black bear
  2060 | D:3      | Found a stormy altar of Qazlal.
  2063 | D:3      | Found a bloodstained altar of Trog.
  2066 | D:3      | Found a hazy altar of Hepliaklqana.
  2071 | D:3      | Reached XP level 5. HP: 20/28 MP: 6/16
  2377 | D:4      | HP: 1/28 [gnoll/+0 halberd[a gnoll bouda] (12)]
  2480 | D:3      | Reached skill level 7 in Spellcasting
  2784 | D:5      | Entered Level 5 of the Dungeon
  2792 | D:5      | Got the Parchment of the Lumpy Olives
  2807 | D:5      | Found a shadowy altar of Dithmenos.
  2872 | D:5      | Reached XP level 6. HP: 32/32 MP: 18/18
  2904 | D:5      | Reached skill level 1 in Short Blades
  3032 | D:4      | Reached ** piety under Vehumet
  3032 | D:4      | Offered knowledge of Searing Ray by Vehumet.
  3040 | D:5      | Learned a level 2 spell: Searing Ray
  3193 | D:4      | Found a glowing golden altar of the Shining One.
  3272 | D:4      | Found Ponaysk's Antique Weapon Boutique.
  3493 | D:5      | Reached XP level 7. HP: 33/36 MP: 20/20
  3850 | D:6      | Found a staircase to the Ecumenical Temple.
  3883 | D:6      | Reached skill level 8 in Spellcasting
  3960 | D:6      | Noticed Blork the orc
  4318 | D:5      | Reached skill level 1 in Conjurations
  4794 | D:6      | Killed Blork the orc
  4864 | D:7      | Found a runed translucent door.
  4865 | D:7      | Noticed Crazy Yiuf
  4876 | D:7      | Killed Crazy Yiuf
  4877 | D:7      | Reached skill level 5 in Necromancy
  4877 | D:7      | Reached XP level 8. HP: 17/41 MP: 15/22
  5017 | D:7      | Reached skill level 9 in Spellcasting
  5053 | D:7      | Noticed Menkaure
  5060 | D:7      | Killed Menkaure
  5195 | D:7      | Offered knowledge of Frozen Ramparts by Vehumet.
  5200 | D:7      | Learned a level 3 spell: Frozen Ramparts
  5435 | D:7      | Reached skill level 1 in Ice Magic
  5639 | D:6      | Reached skill level 10 in Spellcasting
  5668 | D:6      | Reached *** piety under Vehumet
  5868 | D:6      | Noticed Pikel
  5890 | D:7      | Killed Pikel
  5891 | D:7      | Reached XP level 9. HP: 15/45 MP: 15/25
  6147 | D:6      | Found a blossoming altar of Fedhas.
  6362 | D:7      | Reached skill level 11 in Spellcasting
  6685 | D:8      | Offered knowledge of Stone Arrow by Vehumet.
  6860 | D:8      | Reached skill level 5 in Dodging
  6897 | D:8      | Learned a level 3 spell: Ignite Poison
  6935 | D:8      | Reached skill level 1 in Transmutations
  7053 | D:8      | Reached **** piety under Vehumet
  7106 | D:7      | Offered knowledge of Fulminant Prism by Vehumet.
  7146 | D:8      | Found a hide-covered altar of Uskayaw.
  7154 | D:8      | Noticed a two-headed ogre
  7441 | D:8      | Found a transporter.
  7442 | D:8      | Found a transporter.
  7443 | D:8      | Found a transporter.
  7535 | D:8      | Killed a two-headed ogre
  7536 | D:8      | Reached skill level 1 in Throwing
  7536 | D:8      | Reached skill level 12 in Spellcasting
  7536 | D:8      | Reached skill level 5 in Conjurations
  7536 | D:8      | Reached skill level 1 in Fire Magic
  7536 | D:8      | Reached skill level 1 in Poison Magic
  7536 | D:8      | Reached XP level 10. HP: 50/50 MP: 28/28
  7576 | D:8      | Found a transporter.
  7808 | D:7      | Noticed Joseph
  7845 | D:7      | Killed Joseph
  8077 | D:9      | Found a flagged portal.
  8093 | Bailey   | Entered a bailey
  8246 | Bailey   | Identified the +2 bardiche of Puhoisos {heavy, rElec
                  | Stlth+}
  8399 | Bailey   | Noticed an orc knight
  8399 | Bailey   | Noticed an orc knight
  8433 | Bailey   | Killed an orc knight
  8497 | Bailey   | Killed an orc knight
  8498 | Bailey   | Reached skill level 13 in Spellcasting
  8913 | D:9      | Found a sparkling altar of Nemelex Xobeh.
  8983 | D:9      | Noticed a cyclops
  8995 | D:9      | Killed a cyclops
  8996 | D:9      | Reached skill level 1 in Fighting
  9320 | D:9      | Noticed a cyclops
  9351 | D:9      | Killed a cyclops
  9352 | D:9      | Reached XP level 11. HP: 55/56 MP: 30/30
  9514 | D:10     | Entered Level 10 of the Dungeon
  9661 | D:10     | Reached ***** piety under Vehumet
  9681 | D:10     | Reached skill level 1 in Armour
  9682 | D:10     | Offered knowledge of Iron Shot by Vehumet.
  9759 | D:10     | Found a staircase to the Orcish Mines.
  9799 | D:10     | Found a sacrificial altar of Ru.
  9921 | D:10     | Reached skill level 14 in Spellcasting
 10551 | D:11     | Got Simple Magic
 10739 | D:11     | Noticed Psyche
 10750 | D:11     | Killed Psyche
 10761 | D:11     | Noticed a two-headed ogre
 10778 | D:11     | Killed a two-headed ogre
 10955 | D:12     | Learned a level 2 spell: Wereblood
 10980 | D:12     | Reached skill level 15 in Spellcasting
 11178 | D:11     | Noticed Lodul
 11338 | D:2      | Bought the ring of the Mage {Wiz Archmagi} for 714 gold
                  | pieces
 11338 | D:2      | Found the ring of the Mage {Wiz Archmagi}
 11728 | D:12     | Noticed a red ugly thing
 11821 | D:12     | Learned a level 5 spell: Fireball
 11935 | D:12     | Learned a level 3 spell: Mephitic Cloud
 11938 | D:12     | Learned a level 2 spell: Poisonous Vapours
 11944 | D:12     | Learned a level 5 spell: Freezing Cloud
 11976 | D:12     | Found a portal to a secret trove of treasure.
 12076 | D:11     | Found a staircase to the Lair.
 12255 | D:11     | Reached XP level 12. HP: 56/64 MP: 33/33
 12391 | D:11     | Found Fagafuf's Pet Rocks.
 12424 | D:11     | Killed Lodul
 12433 | D:11     | Reached skill level 16 in Spellcasting
 12561 | Trove    | Entered a treasure trove
 12566 | Trove    | Found the +2 hat of the Bear Spirit {Spirit, Bear, *Rage
                  | Will++}
 12568 | Trove    | Identified the +3 eveningstar of the Valley {spect, *Rage
                  | +Blink rC+ SInv}
 12570 | Trove    | Identified the +3 ring mail "Poady" {+Inv rF+ Dex+2 Slay-4}
 12575 | Trove    | Identified the ring "Vahokod" {rElec rC+ Str+6}
 12577 | Trove    | Identified the ring of Reyl {Fly Slay+4}
 12589 | Trove    | Got the Meditations on Space and Profane Liturgies
 12595 | Trove    | Learned a level 4 spell: Iskenderun's Mystic Blast
 12600 | Trove    | Learned a level 4 spell: Dispel Undead
 13064 | Lair:1   | Entered Level 1 of the Lair of Beasts
 13120 | Lair:1   | Reached skill level 1 in Air Magic
 14348 | Lair:2   | Reached skill level 10 in Necromancy
 14397 | Lair:2   | Found a transporter.
 14398 | Lair:2   | Found a transporter.
 14399 | Lair:2   | Noticed a boulder beetle
 14399 | Lair:2   | Noticed a boulder beetle
 14413 | Lair:2   | Killed a boulder beetle
 14413 | Lair:2   | Killed a boulder beetle
 14414 | Lair:2   | Reached skill level 17 in Spellcasting
 14621 | Lair:2   | Reached skill level 5 in Fire Magic
 14868 | Lair:2   | Found a staircase to the Shoals.
 15074 | Lair:3   | Found a hole to the Spider Nest.
 15179 | Lair:3   | Reached skill level 5 in Poison Magic
 15253 | Lair:3   | Identified the +3 leather armour of Okawaru's Inspiration
                  | {Str+4}
 15283 | Lair:3   | Noticed a six-headed hydra
 15290 | Lair:3   | Killed a six-headed hydra
 15291 | Lair:3   | Reached XP level 13. HP: 56/72 MP: 36/36
 15465 | Lair:3   | Reached skill level 5 in Fighting
 15738 | Lair:3   | Reached skill level 18 in Spellcasting
 16063 | Orc:1    | Entered Level 1 of the Orcish Mines
 16212 | Orc:2    | Entered Level 2 of the Orcish Mines
 16657 | D:2      | Bought the ring of Greed {rElec rPois rN+ AC+4 Str-2} for
                  | 758 gold pieces
 17643 | Lair:4   | Learned a level 4 spell: Sticky Flame
 17673 | Lair:4   | Noticed Rupert
 17680 | Lair:4   | Killed Rupert
 17992 | Lair:5   | Entered Level 5 of the Lair of Beasts
 18142 | Lair:5   | Found a runed translucent door.
 18142 | Lair:5   | Noticed a fire dragon
 18206 | Lair:5   | Reached skill level 5 in Armour
 18206 | Lair:5   | Reached XP level 14. HP: 36/80 MP: 33/38
 18366 | Lair:5   | Reached skill level 19 in Spellcasting
 18629 | Lair:5   | Reached skill level 10 in Dodging
 18645 | Lair:5   | Got Utragud's Papyrus of the Inquisitive Olives
 18947 | Lair:5   | Reached skill level 5 in Air Magic
 19168 | Lair:5   | Found a viscous altar of Jiyva.
 19168 | Lair:5   | Found a staircase to the Slime Pits.
 20157 | Orc:2    | Noticed an orc warlord
 20168 | Orc:2    | Killed an orc warlord
 20171 | Orc:2    | Offered knowledge of Flame Wave by Vehumet.
 20206 | Orc:2    | Found a staircase to the Elven Halls.
 20334 | Orc:2    | Found Bamnuus's General Store.
 20335 | Orc:2    | Found Roezostra's General Store.
 20480 | Orc:2    | Noticed Azrael
 20485 | Orc:2    | Killed Azrael
 20554 | Orc:2    | Reached skill level 20 in Spellcasting
 20612 | Orc:2    | Found Jyohez's Book Shop.
 20612 | Orc:2    | Found Huzal's Antique Armour Boutique.
 20613 | Orc:2    | Found a one-way gate leading to the halls of Pandemonium.
 20620 | Orc:2    | Bought a runed helmet for 270 gold pieces
 20633 | Orc:2    | Bought a Young Poisoner's Handbook for 300 gold pieces
 20638 | Orc:2    | Learned a level 4 spell: Olgreb's Toxic Radiance
 20706 | Orc:1    | Noticed an orc warlord
 20710 | Orc:1    | Killed an orc warlord
 21029 | Spider:1 | Entered Level 1 of the Spider Nest
 21048 | Spider:1 | Reached XP level 15. HP: 84/86 MP: 34/41
 21079 | Spider:1 | Identified the +1 pair of boots of Piysunuo {Str+3}
 21475 | Lair:4   | Acquired 848 gold pieces
 21476 | Lair:4   | Acquired the +0 cloak of Awablyoh {rN+ Int+3 Dex+5 Slay+3}
 21489 | Lair:4   | Acquired a +1 pair of gloves of strength
 21840 | Orc:2    | Bought a scroll of enchant armour for 112 gold pieces
 22870 | Spider:3 | Noticed an emperor scorpion
 22885 | Spider:3 | Killed an emperor scorpion
 23061 | Spider:3 | Reached skill level 21 in Spellcasting
 23168 | Spider:3 | Reached skill level 5 in Ice Magic
 23876 | D:9      | Noticed Harold
 23889 | D:9      | Killed Harold
 23890 | D:9      | Reached skill level 1 in Long Blades
 24388 | D:2      | Bought a ring of see invisible for 210 gold pieces
 24742 | Spider:3 | Noticed an emperor scorpion
 24760 | Spider:3 | Killed an emperor scorpion
 24990 | Spider:4 | Entered Level 4 of the Spider Nest
 24990 | Spider:4 | Noticed Mara
 25000 | Spider:4 | Noticed Esekla's illusion
 25005 | Spider:3 | Noticed Esekla's illusion
 25050 | Spider:3 | Killed Mara
 25191 | Spider:4 | Noticed an emperor scorpion
 25197 | Spider:4 | Offered knowledge of Yara's Violent Unravelling by Vehumet.
 25204 | Spider:4 | Killed an emperor scorpion
 25251 | Spider:4 | Noticed an emperor scorpion
 25257 | Spider:4 | Noticed an emperor scorpion
 25258 | Spider:4 | Reached XP level 16. HP: 46/95 MP: 34/43
 25434 | Spider:2 | Reached skill level 5 in Translocations
 26395 | Spider:4 | Got a gossamer rune of Zot
 26589 | Shoals:1 | Entered Level 1 of the Shoals
 26594 | Shoals:1 | Reached skill level 22 in Spellcasting
 26594 | Shoals:1 | Reached skill level 5 in Transmutations
 27109 | Shoals:1 | Offered knowledge of Lee's Rapid Deconstruction by Vehumet.
 27119 | Shoals:1 | Learned a level 5 spell: Lee's Rapid Deconstruction
 27233 | Shoals:2 | Reached skill level 1 in Earth Magic
 27676 | Shoals:2 | Found Biskeott's Firing Range.
 27787 | Shoals:2 | Reached skill level 10 in Fighting
 28140 | D:4      | Bought the +8 arc blade {discharge, rElec} for 1740 gold
                  | pieces
 28140 | D:4      | Found the +8 arc blade {discharge, rElec}
 28665 | Shoals:3 | Reached skill level 23 in Spellcasting
 28881 | Shoals:3 | Noticed Ilsuiw
 28887 | Shoals:3 | Reached XP level 17. HP: 32/102 MP: 39/46
 28887 | Shoals:3 | HP: 5/102 [merfolk javelineer/silver javelin[Ilsuiw] (3)]
 28964 | Shoals:2 | Killed Ilsuiw
 29065 | Shoals:3 | Found Zemonaik's Distillery.
 29404 | Shoals:3 | Noticed a kraken
 29409 | Shoals:3 | Killed a kraken
 29510 | Shoals:2 | Identified the +1 animal skin "Kougi" {rPois rF++ MP+9}
 30402 | Shoals:4 | Entered Level 4 of the Shoals
 30449 | Shoals:4 | Identified the +1 ring mail "Uronn" {rF+ Regen+ Int+3}
 30566 | Shoals:4 | Reached ****** piety under Vehumet
 30594 | Shoals:4 | Offered knowledge of Eringya's Noxious Bog by Vehumet.
 30605 | Shoals:4 | Noticed a kraken
 30667 | Shoals:4 | Killed a kraken
 30715 | Shoals:4 | Paralysed by a sphinx for 4 turns
 30755 | Shoals:4 | Got Cuuv Rytt's Atlas of Hot Beguiling
 30755 | Shoals:4 | Got a barnacled rune of Zot
 30804 | Shoals:4 | Identified the ring "Pileq" {Ice Str+4 Dex+3 Slay+2}
 30813 | Shoals:4 | Reached skill level 24 in Spellcasting
 32086 | D:13     | Found a gate to the Vaults.
 32147 | D:13     | Reached XP level 18. HP: 110/110 MP: 46/48
 32842 | Vaults:1 | Entered Level 1 of the Vaults
 32984 | Vaults:1 | Offered knowledge of Iskenderun's Battlesphere by Vehumet.
 32997 | Vaults:1 | Identified the +9 arbalest of Xom's Indignation {penet,
                  | Dex+4 Stlth+}
 33211 | Vaults:1 | Found Emogyl Osee's Armour Boutique.
 33263 | Vaults:1 | Reached skill level 25 in Spellcasting
 33594 | Vaults:1 | Reached skill level 5 in Earth Magic
 34124 | Elf:1    | Entered Level 1 of the Elven Halls
 34457 | Elf:1    | Learned a level 4 spell: Airstrike
 34901 | Elf:1    | Noticed a Hell Sentinel
 35087 | Elf:2    | Found Wilec's Magic Scroll Emporium.
 35093 | Elf:2    | Found Zegenum's Book Shoppe.
 35095 | Elf:2    | Found Orpholik's Magic Scroll Emporium.
 35107 | Elf:2    | Bought Ozocubu's Autobiography for 480 gold pieces
 35111 | Elf:2    | Learned a level 3 spell: Ozocubu's Armour
 35157 | Elf:2    | Offered knowledge of Conjure Ball Lightning by Vehumet.
 35159 | Elf:2    | Found a crumbling gateway.
 35219 | Elf:2    | Learned a level 6 spell: Conjure Ball Lightning
 35223 | Desolati | Entered the Desolation of Salt
 35271 | Desolati | Reached skill level 26 in Spellcasting
 35299 | Desolati | Got the Compilation of Exhalation
 35325 | Desolati | Reached XP level 19. HP: 26/116 MP: 32/51
 35429 | Desolati | Found the +9 sword of Power {lifebolt}
 35446 | Desolati | Identified the +0 leather armour of Omission {Harm rElec}
 35449 | Desolati | Identified the ring of Culeuz {*Corrode rElec rF+ MP+9
                  | SInv}
 35451 | Desolati | Identified the +1 plate armour of Paech {rF++}
 35499 | Desolati | Reached skill level 10 in Air Magic
 35501 | Desolati | Identified the ring of the Failed Coup {rElec MP+9 Str+4
                  | Dex+2}
 35509 | Desolati | Identified the ring "Kiexkoas" {rN+ Slay+3 Stlth+}
 36164 | Elf:2    | Found a runed translucent gate.
 36165 | Elf:2    | Found a runed translucent gate.
 36165 | Elf:2    | Found a runed translucent gate.
 36777 | Elf:3    | Entered Level 3 of the Elven Halls
 36848 | Elf:3    | Reached skill level 27 in Spellcasting
 37050 | Elf:3    | Offered knowledge of Fire Storm by Vehumet.
 37050 | Elf:3    | Offered knowledge of Chain Lightning by Vehumet.
 37050 | Elf:3    | Offered knowledge of Polar Vortex by Vehumet.
 37051 | Elf:3    | Reached skill level 5 in Stealth
 37670 | Elf:3    | Identified the +1 robe of Vehumet's Regard {*Slow rElec
                  | Stlth+ Archmagi}
 37670 | Elf:3    | Identified the ring of Ryc Wug {rPois Int+3 Dex+6}
 37771 | Elf:3    | Reached XP level 20. HP: 122/122 MP: 50/53
 37808 | Elf:3    | Identified the +2 lajatang "Hoakleeg" {heavy, Drain Fly
                  | Will+++ Str+8 Int-4}
 37890 | Elf:3    | Identified the staff of fire "Doina" {rF+ rN+++ Will+
                  | Int-2}
 38048 | Elf:3    | Identified the +8 hand axe of the Realm of Zot {protect,
                  | rN+ SInv}
 38053 | Elf:3    | Identified the staff of conjuration "Xoask" {rElec}
 38104 | Elf:3    | Identified the +1 falchion of Jefabeyc {holy, rElec rN+++
                  | Int-4 SInv} (You took it off a deep elf demonologist on
                  | level 3 of the Elven Halls)
 38105 | Elf:3    | Identified the staff of earth "Osoetuc" {rF+ rC+ Int-4}
 38528 | Vaults:2 | Found a staircase to the Crypt.
 38530 | Vaults:2 | Paralysed by a vampire knight for 2 turns
 38551 | Vaults:2 | Found a flickering gateway to a bazaar.
 38632 | Bazaar   | Entered a bazaar
 38652 | Bazaar   | Found Huts's Armour Emporium.
 38652 | Bazaar   | Found Fuoqy's Distillery.
 38673 | Bazaar   | Found Luehida's Magic Scroll Shoppe.
 38693 | Bazaar   | Found Subykus's Antique Weapon Emporium.
 38693 | Bazaar   | Found Zefiutze's Weapon Shoppe.
 38714 | Bazaar   | Found Gopir's Armour Shoppe.
 38794 | Bazaar   | Bought a potion of curing for 21 gold pieces
 38794 | Bazaar   | Bought a potion of mutation for 56 gold pieces
 38808 | Bazaar   | Bought a scroll of blinking for 82 gold pieces
 38808 | Bazaar   | Bought a scroll of enchant armour for 82 gold pieces
 38834 | Bazaar   | Bought the +0 mask of the Dragon {Will+ Slay+3 SInv} for
                  | 367 gold pieces
 38834 | Bazaar   | Found the +0 mask of the Dragon {Will+ Slay+3 SInv}
 38855 | Vaults:2 | Gained mutation: You are frail. (-10% HP) [potion of
                  | mutation]
 38855 | Vaults:2 | Gained mutation: You have hidden genetic defects. [potion
                  | of mutation]
 38855 | Vaults:2 | Gained mutation: You have supernaturally acute eyesight.
                  | (SInv) [potion of mutation]
 38868 | Vaults:2 | Lost mutation: You are frail. (-10% HP) [potion of
                  | mutation]
 38868 | Vaults:2 | Lost mutation: You have hidden genetic defects. [potion of
                  | mutation]
 38868 | Vaults:2 | Lost mutation: You have supernaturally acute eyesight.
                  | (SInv) [potion of mutation]
 38868 | Vaults:2 | Gained mutation: You passively map a small area around you.
                  | [potion of mutation]
 38868 | Vaults:2 | Gained mutation: Your body sometimes deteriorates upon
                  | taking damage. [potion of mutation]
 38868 | Vaults:2 | Gained mutation: You expend magic power (3 MP) to
                  | strengthen your wands. [potion of mutation]
 39121 | Shoals:2 | Lost mutation: You expend magic power (3 MP) to strengthen
                  | your wands. [potion of mutation]
 39121 | Shoals:2 | Lost mutation: You passively map a small area around you.
                  | [potion of mutation]
 39121 | Shoals:2 | Lost mutation: Your body sometimes deteriorates upon taking
                  | damage. [potion of mutation]
 39121 | Shoals:2 | Gained mutation: You have an increased reservoir of magic.
                  | (+10% MP) [potion of mutation]
 39121 | Shoals:2 | Gained mutation: You are partially covered in iridescent
                  | scales. (AC +2) [potion of mutation]
 39121 | Shoals:2 | Gained mutation: You are agile. (Dex +4, Str/Int -1)
                  | [potion of mutation]
 39166 | Shoals:3 | Bought a potion of heal wounds for 75 gold pieces
 39166 | Shoals:3 | Bought a potion of heal wounds for 75 gold pieces
 39166 | Shoals:3 | Bought 2 potions of heal wounds for 150 gold pieces
 39961 | Vaults:2 | Reached skill level 15 in Dodging
 40120 | Vaults:2 | Reached skill level 5 in Long Blades
 40293 | Vaults:2 | Reached skill level 10 in Earth Magic
 41172 | Vaults:3 | Noticed Mennas
 41523 | Vaults:3 | Killed Mennas
 41524 | Vaults:3 | Reached XP level 21. HP: 108/127 MP: 51/59
 41945 | Vaults:3 | Reached skill level 10 in Fire Magic
 42533 | Vaults:4 | Found Gint's Magic Scroll Shop.
 43354 | Vaults:4 | Bought a scroll of brand weapon for 199 gold pieces
 43648 | Vaults:4 | Found a huge runed gate.
 43648 | Vaults:4 | Found a huge runed gate.
 43648 | Vaults:4 | Found a huge runed gate.
 43648 | Vaults:4 | Found a huge runed gate.
 43648 | Vaults:4 | Found a huge runed gate.
 43649 | Vaults:4 | Found a huge runed gate.
 43649 | Vaults:4 | Found a huge runed gate.
 43649 | Vaults:4 | Found a huge runed gate.
 43649 | Vaults:4 | Found a huge runed gate.
 43651 | Vaults:4 | Found a huge runed gate.
 43651 | Vaults:4 | Found a huge runed gate.
 43651 | Vaults:4 | Found a huge runed gate.
 43651 | Vaults:4 | Found a huge runed gate.
 43651 | Vaults:4 | Found a huge runed gate.
 43651 | Vaults:4 | Found a huge runed gate.
 43652 | Vaults:4 | Found a huge runed gate.
 43683 | Vaults:4 | Found a huge runed gate.
 43683 | Vaults:4 | Found a huge runed gate.
 43687 | Vaults:4 | Found a huge runed gate.
 43687 | Vaults:4 | Found a huge runed gate.
 43687 | Vaults:4 | Found a huge runed gate.
 43687 | Vaults:4 | Found a huge runed gate.
 43687 | Vaults:4 | Found a huge runed gate.
 43688 | Vaults:4 | Found a huge runed gate.
 43689 | Vaults:4 | Found a huge runed gate.
 43690 | Vaults:4 | Found a huge runed gate.
 43691 | Vaults:4 | Found a huge runed gate.
 43700 | Vaults:4 | Found a huge runed gate.
 43700 | Vaults:4 | Found a huge runed gate.
 43700 | Vaults:4 | Found a huge runed gate.
 43700 | Vaults:4 | Found a huge runed gate.
 43700 | Vaults:4 | Found a huge runed gate.
 43702 | Vaults:4 | Found a huge runed gate.
 43703 | Vaults:4 | Found a huge runed gate.
 43704 | Vaults:4 | Found a huge runed gate.
 43705 | Vaults:4 | Found a huge runed gate.
 43734 | Vaults:4 | Noticed a golden dragon
 43875 | Vaults:4 | Killed a golden dragon
 44146 | Vaults:4 | Got the Octavo of Execration and Ceraunoscopy
 44486 | Elf:2    | Learned a level 8 spell: Maxwell's Capacitive Coupling
 44759 | Crypt:1  | Entered Level 1 of the Crypt
 45820 | Crypt:1  | Reached skill level 10 in Long Blades
 46423 | Crypt:2  | Found a runed translucent gate.
 46424 | Crypt:2  | Found a runed translucent gate.
 46424 | Crypt:2  | Found a runed translucent gate.
 46425 | Crypt:2  | Noticed Nexecaru's ghost (veteran MiGl)
 46541 | Crypt:2  | Noticed Ulecsuczon's ghost (veteran MiGl)
 46541 | Crypt:2  | Noticed Hynnuzim's ghost (veteran CeHu)
 46569 | Crypt:2  | Reached XP level 22. HP: 132/132 MP: 40/60
 46797 | Crypt:3  | Entered Level 3 of the Crypt
 46861 | Crypt:3  | Identified the +5 mace of Fedhas's Displeasure {flame,
                  | rElec rC+ Int+3}
 47210 | Crypt:2  | Paralysed by a vampire knight for 5 turns
 47428 | Crypt:3  | Reached skill level 15 in Necromancy
 47541 | Crypt:3  | Found a staircase to the Tomb.
 47607 | Crypt:3  | Noticed a curse toe
 47920 | Crypt:3  | Killed a curse toe
 48073 | Crypt:3  | Noticed a dread lich
 48073 | Crypt:3  | Noticed an ancient lich
 48079 | Crypt:3  | Killed a dread lich
 48079 | Crypt:3  | Killed an ancient lich
 48113 | Crypt:3  | Got the Handbook of Vapourous Creation
 48745 | Vaults:5 | Entered Level 5 of the Vaults
 48777 | Vaults:5 | Noticed Saint Roka
 48865 | Vaults:5 | Noticed an ancient lich
 48874 | Vaults:5 | HP: 6/132 [fire giant/+2 great sword of flaming (4)]
 48875 | Vaults:5 | HP: 1/132 [storm dragon (2)]
 48880 | Vaults:5 | Noticed Boris
 48895 | Vaults:5 | HP: 1/132 [white very ugly thing (43)]
 49159 | Vaults:5 | Killed Saint Roka
 49159 | Vaults:5 | Noticed a dread lich
 49169 | Vaults:5 | Killed a dread lich
 49175 | Vaults:5 | Noticed an ancient lich
 49189 | Vaults:5 | an iron dragon changed into a caustic shrike
 49189 | Vaults:5 | Noticed a caustic shrike (glowing shapeshifter)
 49197 | Vaults:5 | a caustic shrike changed into a shadow dragon
 49199 | Vaults:5 | a shadow dragon changed into a golden dragon
 49199 | Vaults:5 | Noticed a golden dragon (glowing shapeshifter)
 49203 | Vaults:5 | a golden dragon changed into an acid blob
 49206 | Vaults:5 | Killed from afar by an ancient lich

Illustrated notes

Levels and vault maps discovered:
D:1:      sevenhm_arrival_forest_fort_small_3, layout_rooms,
          chequers_serial_rivers_room_b, minmay_misc_feat_five
D:2:      layout_loops_ring, dreamdust_ecumenical_altar_angels_and_demons,
          serial_shops, shop
D:3:      layout_basic, grunt_temple_overflow_open, minmay_misc_feat_iff
D:4:      layout_basic, nicolae_overflow_quartered_altars, serial_shops,
          nicolae_diamond_shop
D:5:      layout_loops_ring, lemuel_doored_altar, minmay_misc_feat_rows,
          dreamdust_wishing_well
D:6:      layout_loops_cross, fedhas_altar_fruit_tree,
          minmay_temple_entry_glass, uniq_pikel, uniq_blork_the_orc
D:7:      layout_basic, uniq_menkaure, uniq_joseph, uniq_crazy_yiuf_cottage
D:8:      layout_basic, nicolae_uskayaw_dance_hall, serial_demonic,
          serial_demonic_d, serial_demonic_a, serial_demonic_c,
          serial_demonic_c, nicolae_diode_quadrants
D:9:      layout_irregular_city, kennysheep_little_box, enter_bailey_4,
          minmay_between, uniq_harold
D:10:     layout_basic, nicolae_ru_awakened_eye
D:11:     layout_rooms, hellmonk_lair_entry_icy, serial_ice, serial_ice_j,
          serial_ice_m, serial_ice_o, serial_ice_c, serial_ice_g, serial_ice_f,
          guppyfry_shop_earth, uniq_psyche, uniq_lodul
D:12:     layout_roguey, nicolae_trove_entry_crossroad
D:13:     layout_loops_ring, lightli_vaults_fourway_checkpoint
Lair:1:   layout_small_grid
Lair:2:   gammafunk_boulding_lane, layout_small_grid, elwin_shoals_entry_rooms
Lair:3:   kb_forest_paths, layout_chaotic_city, spider_nest_entry_rubble
Lair:4:   layout_hall_layers, grunt_megastairs_3, lemuel_fruit_fields,
          uniq_rupert
Lair:5:   guppyfry_lair_end_dragon, layout_misc_corridors, wormcave,
          dpeg_slime_entry_enclosed
Shoals:1: layout_shoals, nicolae_shoals_nautilus_by_nature
Shoals:2: argonaut_golden_fleece, layout_shoals, nicolae_shop_firing_range
Shoals:3: layout_shoals, serial_shops, shop, nicolae_shoals_lost_giant_hut,
          uniq_ilsuiw
Shoals:4: shoals_end_hellmonk_lost_city, serial_shops
Spider:1: layout_spider_delve, nicolae_spider_some_kinda_spiderbox
Spider:2: layout_spider_delve, nicolae_spider_twisty_arc_passages
Spider:3: layout_chambers, nicolae_orb_stairs
Spider:4: grunt_spider_rune_circles, guppyfry_hornet_nest, uniq_mara
Orc:1:    layout_caves
Orc:2:    pf_orc_diabolical, layout_diamond_mine, uniq_azrael
Elf:1:    minmay_elf_arrival_plus, layout_loops_cross,
          kennysheep_underground_church
Elf:2:    nicolae_elf_blades_crystal_corner, layout_rooms,
          portal_desolation_entry_salt, minivault_25_ag, minmay_shop_star
Elf:3:    elf_hall, layout_loops_cross, nicolae_elf_w_pinch
Vaults:1: vaults_dpeg_emergency_exit, nicolae_vaults_ellipses_ellipsis,
          nicolae_vaults_variable_pillar_hall, v_misc_22, v_misc_33,
          nicolae_vaults_closet_pinwheel_3, v_alt_pattern_4, v_alt_pattern_4,
          nicolae_vaults_tetromino_Z_2, nicolae_vaults_taking_the_gang_shopping,
          nicolae_vaults_spaceships, v_misc_33, nicolae_vaults_shelves_hall,
          nicolae_vaults_trapezoid_lopsided_1, nicolae_vaults_little_ls,
          layout_vaults_ring
Vaults:2: ontoclasm_vaults_bender, nicolae_vaults_storage_closets_1, v_misc_9,
          vaults_room_pools, nicolae_vaults_more_shelving_2, v_misc_14,
          vaults_standard_mumra_lines, hangedman_vaults_stream,
          nicolae_vaults_windows_and_doors_thing,
          minmay_crypt_entry_simple_corners, nicolae_vaults_stand_back,
          vaults_dpeg_diagonal, nicolae_vaults_little_squares_5,
          layout_vaults_omnibox, serial_shops, bzr_entry_gold
Vaults:3: nicolae_vaults_three_branches, v_misc_15, vaults_standard_mumra_x,
          v_misc_13, ontoclasm_vaults_loading_screen, nicolae_vaults_tangram_1,
          nicolae_vaults_display_case, vaults_room_ringed_pool,
          nicolae_vaults_octothorpe, vaults_mumra_minichess,
          nicolae_vaults_variable_pillar_hall, v_alt_pattern_6,
          nicolae_vaults_tetromino_L_1, nicolae_vaults_trapezoid_3,
          layout_vaults_big_room, uniq_mennas
Vaults:4: nicolae_vaults_network_periphery, nicolae_vaults_angled_halls,
          ontoclasm_vaults_twist, door_vault, nicolae_vaults_more_shelving_1,
          nicolae_vaults_yaktaur_gun_rack, hangedman_vaults_slither, v_rooms_1,
          ontoclasm_vaults_claustrophobia, nicolae_vaults_trapezoid_lopsided_1,
          grunt_vaults_focal, hangedman_vaults_slice, layout_vaults_omnicross,
          serial_shops, shop
Vaults:5: serial_shops, uniq_saint_roka, uniq_boris
Crypt:1:  layout_rooms, grunt_ministairs_11, st_small_mortuary
Crypt:2:  layout_chaotic_city, gammafunk_ghost_cemetery
Crypt:3:  david_glass_crypt, layout_misc_corridors, tomb_entry_simple_bobbens,
          glass_columns_a

Skill      XL: |  1  2  3  4  5  6  7  8  9 10 11 12 13 14 15 16 17 18 19 20 21 22 |
---------------+-------------------------------------------------------------------+-----
Spellcasting   | 5 6 7 8 10 12 13 15 17 18 20 21 23 24 26 27 | 27.0
Necromancy     | 1 2 4 5 6 7 8 9 10 11 12 13 14 15 | 15.6
Dodging        | 1 2 3 4 5 6 7 8 9 10 11 12 13 14 15 16 17 | 17.2
Short Blades   | 1 2 3 4 |  4.2
Stealth        | 2 3 4 5 6 |  6.4
Translocations | 3 4 5 6 7 8 |  8.1
Conjurations   | 1 3 5 6 7 8 |  8.5
Ice Magic      | 2 3 4 5 7 8 9 |  9.0
Transmutations | 1 3 4 5 6 |  6.0
Throwing       | 1 2 3 |  3.2
Fire Magic     | 1 2 4 5 6 7 8 9 10 12 | 12.2
Poison Magic   | 1 4 5 6 7 |  7.4
Fighting       | 1 2 4 6 7 8 10 11 12 | 12.1
Armour         | 2 3 5 6 7 |  7.3
Shields        | 2 3 4 |  4.6
Air Magic      | 2 4 5 6 7 8 9 11 12 13 14 | 14.5
Long Blades    | 1 2 7 10 11 | 11.9
Earth Magic    | 2 4 6 9 10 12 13 | 13.8
Invocations    | |  1.0
Evocations     | |  0.5

Action                     |  1- 3 |  4- 6 |  7- 9 | 10-12 | 13-15 | 16-18 | 19-21 | 22-24 || total
---------------------------+-------+-------+-------+-------+-------+-------+-------+-------++-------
  Melee: Short sword       |    45 |       |       |       |       |       |       |       ||    45
         Rapier            |    16 |    47 |    53 |    94 |    15 |    45 |    45 |     3 ||   318
         Scimitar          |       |       |       |     2 |    44 |    46 |   188 |    61 ||   341
         Dagger            |       |       |       |    13 |    99 |       |       |       ||   112
         Eveningstar       |       |       |       |       |     1 |       |       |       ||     1
  Throw: Dart              |       |    10 |    20 |    72 |       |       |       |       ||   102
         Boomerang         |       |       |       |       |    12 |     6 |    31 |    18 ||    67
   Cast: Apportation       |    23 |    15 |    21 |    84 |    73 |    70 |    48 |    15 ||   349
         Magic Dart        |    48 |    26 |     7 |       |       |       |       |       ||    81
         Vampiric Draining |       |    25 |    33 |    73 |    38 |    67 |    44 |    15 ||   295
         Blink             |       |     3 |     2 |     4 |    11 |    10 |     8 |     3 ||    41
         Searing Ray       |       |     1 |    40 |    57 |    18 |     8 |    23 |       ||   147
         Frozen Ramparts   |       |       |    21 |    57 |    45 |    38 |    26 |     3 ||   190
         Ignite Poison     |       |       |     1 |    48 |   150 |   169 |   172 |    35 ||   575
         Poisonous Vapours |       |       |       |    46 |   248 |   218 |   180 |    20 ||   712
         Teleport Other    |       |       |       |     2 |     2 |       |       |       ||     4
         Mephitic Cloud    |       |       |       |    10 |    10 |     7 |    26 |    17 ||    70
         Wereblood         |       |       |       |     8 |    33 |    31 |    34 |    10 ||   116
         Freezing Cloud    |       |       |       |     6 |    38 |    26 |    12 |     1 ||    83
         Dispel Undead     |       |       |       |     3 |       |     1 |    59 |    57 ||   120
         Fireball          |       |       |       |       |     4 |     7 |     3 |     1 ||    15
         Olgreb's Toxic Ra |       |       |       |       |    26 |    57 |    51 |    15 ||   149
         Sticky Flame      |       |       |       |       |    21 |    42 |    84 |    40 ||   187
         Iskenderun's Myst |       |       |       |       |     2 |    35 |    48 |     9 ||    94
         Lee's Rapid Decon |       |       |       |       |       |    18 |    61 |    20 ||    99
         Airstrike         |       |       |       |       |       |     8 |     6 |     5 ||    19
         Ozocubu's Armour  |       |       |       |       |       |       |    34 |    19 ||    53
         Conjure Ball Ligh |       |       |       |       |       |       |       |     1 ||     1
  Evoke: Wand              |       |       |     4 |     2 |     1 |     2 |       |       ||     9
    Use: Scroll            |     1 |       |       |    18 |    19 |     8 |     9 |     4 ||    59
         Potion            |       |     1 |     3 |     3 |     7 |     4 |    10 |     7 ||    35
   Stab: Sleeping          |     2 |     7 |     6 |     8 |     3 |     5 |     8 |     1 ||    40
         Confused          |       |       |       |     2 |       |       |     4 |     1 ||     7
         Held in net/web   |       |       |       |       |     2 |       |       |       ||     2
         Distracted        |       |       |       |       |       |       |       |     1 ||     1
 Armour: Robe              |    28 |    16 |    35 |    51 |       |       |       |       ||   130
         Troll leather arm |       |       |       |    15 |   157 |   139 |       |       ||   311
         Ring mail         |       |       |       |       |       |    97 |   223 |   141 ||   461
  Dodge: Dodged            |    43 |    43 |   112 |   177 |   271 |   372 |   384 |   147 ||  1549
  Block: Buckler           |    18 |    15 |    29 |    51 |    72 |   153 |   130 |    44 ||   512
